 Dungeon Crawl Stone Soup version 0.21-a0-516-gaaff437 (webtiles) character file.

1802 Gerstahl the Skirmisher (level 8, -1/97 HPs)
             Began as a Demonspawn Wanderer on Dec 3, 2017.
             Slain by a two-headed ogre
             ... wielding a +0 giant spiked club
              (12 damage)
             ... on level 6 of the Dungeon.
             The game lasted 00:14:31 (5569 turns).

Gerstahl the Skirmisher (Demonspawn Wanderer)       Turns: 5569, Time: 00:14:31

Health: -1/97      AC: 28    Str: 10 (12) XL:     8   Next: 83%
Magic:  0/14       EV:  2    Int: 12      God:
Gold:   553        SH:  0    Dex: 16 (17) Spells: 15/15 levels left

rFire    . . .     SeeInvis +   a - +3 short sword
rCold    . . .     Gourm    .   (no shield)
rNeg     + + +     Faith    .   (armour currently unavailable)
rPois    +         Spirit   +   (helmet currently unavailable)
rElec    .         Reflect  .   (cloak currently unavailable)
rCorr    .         Harm     .   (gloves currently unavailable)
MR       .....     NoTele   +   (boots currently unavailable)
Stlth    +.........             (no amulet)
HPRegen  0.26/turn              k - +4 ring of protection
MPRegen  0.14/turn              p - ring of see invisible

@: tree-form, drained
A: demonic guardian 1, magic shield
a: no special abilities


You were on level 6 of the Dungeon.
You were hungry.
You were a tree.
You visited 1 branch of the dungeon, and saw 6 of its levels.

You collected 553 gold pieces.

Inventory:

Hand Weapons
 a - a +3 short sword (weapon)
 q - a +0 giant club
Armour
 d - a +0 robe (melded)
 h - a +2 cloak (melded)
 s - a +0 helmet (melded)
 D - a +0 pair of gloves (melded)
Jewellery
 k - a +4 ring of protection (left branch)
 o - an uncursed ring of wizardry
 p - a ring of see invisible (right branch)
 w - a cursed amulet of inaccuracy
Wands
 v - a wand of polymorph (21)
 E - a wand of random effects (31)
Scrolls
 j - a scroll of remove curse
 l - 4 scrolls of identify
 n - a scroll of teleportation
 x - a scroll of blinking
Potions
 b - 6 potions of curing
 m - a potion of brilliance
 A - a potion of cancellation
Books
 c - Gotrazia's Disquisition on Unholy Rites

   Spells                             Type                      Level
   a - Corpse Rot                     Necromancy                   2
   b - Sublimation of Blood           Necromancy                   2
 e - a book of Geomancy

   Spells                             Type                      Level
   a - Sandblast                      Earth                        1
   b - Passwall                       Transmutation/Earth          2
   c - Stone Arrow                    Conjuration/Earth            3
   d - Petrify                        Transmutation/Earth          4
   e - Lee's Rapid Deconstruction     Earth                        5
Comestibles
 f - 4 bread rations
 g - 2 meat rations
 i - 7 royal jellies
 r - 4 chunks of flesh


   Skills:
 + Level 6.9(6.7) Fighting
 + Level 6.2(6.1) Short Blades
 - Level 1.7(1.6) Throwing
 - Level 1.0(0.8) Dodging
 - Level 4.3(4.1) Spellcasting
   Level 1.1(0.9) Necromancy
 + Level 4.8(4.6) Evocations


You had 15 spell levels left.
You didn't know any spells.

Dungeon Overview and Level Annotations

Branches:
Dungeon (6/15)
 Temple: D:4-7

Altars:
Ru
Trog

Shops:
D:6 !

Annotations:
D:6 Dowan, Duvessa


Innate Abilities, Weirdness & Mutations

((You have sharp toenails.))
((You are partially covered in slimy green scales. (AC +2)))
A weak demonic guardian rushes to your aid.
When hurt, damage is shared between your health and your magic reserves.


Message History

The two-headed ogre is lightly wounded.
You feel sick.
The two-headed ogre hits you with a giant spiked club.
* * * LOW HITPOINT WARNING * * *
The two-headed ogre hits you but does no damage.
Your shadow imp gestures at the two-headed ogre.
The two-headed ogre writhes in agony!
You feel better.
Your shadow imp barely misses the two-headed ogre.
The two-headed ogre completely misses you.
The two-headed ogre hits you but does no damage.
You barely miss the two-headed ogre.
The two-headed ogre is moderately wounded.
Your shadow imp hits the two-headed ogre but does no damage.
You hit the two-headed ogre.
The two-headed ogre is moderately wounded.
The two-headed ogre hits you with a giant spiked club.
* * * LOW HITPOINT WARNING * * *
The two-headed ogre hits you with a giant club!
You die...

#.....##### #
#..(......# .#
....#...##†##.#
# #.........#
#.......###
#.....#....#
.^###
#.###.#....# .
.[.. #
...#.5.#####....
...#
#.....O♣.....#
...# #
#(###..#####....
...#h. #......#
# ......
)..#...# ..###S
## #...# ..g.hO
#.... .?.#..
....# ..# ###..
.#


You could see a two-headed ogre and a friendly shadow imp.

Vanquished Creatures
  Eustachio (D:5)
  Menkaure (D:5)
  2 sky beasts (D:5)
  A phantom (D:4)
  An ogre (D:6)
  A bullfrog (D:6)
  3 big kobolds (D:5)
  A scorpion (D:4)
  2 orc wizards
  4 hounds
  Crazy Yiuf (D:5)
  2 centaur skeletons
  2 iguanas (D:4)
  5 worker ants
  9 gnolls
  8 adders
  A howler monkey skeleton (D:3)
  An ooze (D:3)
  An adder skeleton (D:4)
  4 dart slugs
  6 leopard geckos
  17 orcs
  4 giant cockroaches
  11 goblins
  6 hobgoblins
  7 jackals
  42 kobolds
  3 quokkas
  6 bats
  4 frilled lizards
  2 rats
  A fungus (D:5)
160 creatures vanquished.

Vanquished Creatures (collateral kills)
  An ogre (D:5)
  2 big kobolds (D:5)
  A wight (D:6)
  A hound (D:6)
  An orc wizard (D:3)
  A gnoll (D:5)
  2 orcs (D:3)
  2 hobgoblins
  2 jackals (D:4)
  A frilled lizard (D:3)
  2 kobolds (D:5)
16 creatures vanquished.

Grand Total: 176 creatures vanquished

Notes
Turn   | Place    | Note
-------+----------+-------------------------------------------
     0 | D:1      | Gerstahl the Demonspawn Wanderer began the quest for the Orb.
     0 | D:1      | Gerstahl set off with: a +2 short sword, a potion of curing, Gotrazia's Disquisition on Unholy Rites, a +0 robe, a bread ration
     0 | D:1      | Reached XP level 1. HP: 16/16 MP: 3/3
    97 | D:1      | Gained mutation: You have sharp toenails. [demonic ancestry]
    97 | D:1      | Reached XP level 2. HP: 19/22 MP: 5/5
   579 | D:2      | Gained mutation: A weak demonic guardian rushes to your aid. [demonic ancestry]
   579 | D:2      | Reached XP level 3. HP: 26/28 MP: 6/6
   783 | D:2      | Found a sacrificial altar of Ru.
  1131 | D:2      | Reached XP level 4. HP: 28/34 MP: 8/8
  1632 | D:3      | Gained mutation: You are partially covered in slimy green scales. (AC +2) [demonic ancestry]
  1632 | D:3      | Reached XP level 5. HP: 39/41 MP: 9/9
  2288 | D:4      | Gained mutation: When hurt, damage is shared between your health and your magic reserves. [demonic ancestry]
  2288 | D:4      | Reached XP level 6. HP: 32/48 MP: 11/11
  2697 | D:4      | Found a bloodstained altar of Trog.
  3091 | D:4      | Reached XP level 7. HP: 47/55 MP: 9/13
  3183 | D:5      | Entered Level 5 of the Dungeon
  3314 | D:5      | Found a runed door.
  3565 | D:5      | Noticed Menkaure
  3571 | D:5      | Killed Menkaure
  3571 | D:5      | Reached skill level 5 in Fighting
  3571 | D:5      | Reached skill level 1 in Evocations
  4066 | D:5      | Reached skill level 5 in Short Blades
  4133 | D:5      | Noticed Eustachio
  4262 | D:5      | Reached XP level 8. HP: 60/64 MP: 12/14
  4516 | D:5      | Killed Eustachio
  5036 | D:5      | Noticed Crazy Yiuf
  5043 | D:5      | Killed Crazy Yiuf
  5080 | D:6      | Noticed Duvessa
  5080 | D:6      | Noticed Dowan
  5105 | D:6      | Noticed a two-headed ogre
  5351 | D:6      | Found Dalinwe's Distillery.
  5569 | D:6      | Slain by a two-headed ogre

Vault maps used:
D:1:      minmay_arrival_shattered_statue
D:2:      lemuel_tele_altar
D:3:      first_bread
D:4:      trog_butcher_becter
D:5:      minmay_goblin_kobold_castle, st_stairs_6, minmay_misc_feat_diagonals,
          minmay_gold_behind_fungi, kennysheep_generic_room_6, uniq_eustachio,
          uniq_menkaure, uniq_crazy_yiuf_cottage
D:6:      hangedman_cross_stitches, elyvilon_altar_4, temple_green,
          serial_shops, nicolae_shop_window_shopping, uniq_blork_the_orc,
          uniq_edmund, uniq_duvessa, uniq_grinder

Skill      XL: |  1  2  3  4  5  6  7  8 |
---------------+-------------------------+-----
Short Blades   | 2 3 4 5 6 |  6.2
Fighting       | 3 4 5 6 |  6.9
Spellcasting   | 3 4 |  4.3
Evocations     | 2 4 |  4.8
Throwing       | |  1.7
Dodging        | |  1.0
Necromancy     | |  1.1

Action                   |  1- 3 |  4- 6 |  7- 9 || total
-------------------------+-------+-------+-------++-------
Melee: Short sword       |    85 |   181 |   339 ||   605
       Kick              |    15 |    45 |    95 ||   155
  Use: Scroll            |       |     3 |     6 ||     9
       Potion            |       |       |     9 ||     9
 Stab: Sleeping          |     4 |     2 |     2 ||     8
       Distracted        |       |       |     1 ||     1
  Eat: Chunk             |       |     6 |     7 ||    13
       Fruit             |       |       |     2 ||     2
Armor: Robe              |    29 |    61 |   147 ||   237
       Skin              |       |       |     4 ||     4
Dodge: Dodged            |    62 |   111 |   248 ||   421

Table legend:
 A = Spawn XP
 B = Non-spawn XP
 C = Spawn XP percentage of total XP
 D = Spawn monster count
 E = Non-spawn monster count
 F = Spawn count percentage of total count
 G = Total turns spent on level
                    A         B        C        D         E        F      G
               +---------+---------+-------+---------+---------+-------+---------
         Total |       0 |    2575 |   0.0 |       0 |     175 |   0.0 |  5569
               +---------+---------+-------+---------+---------+-------+---------
           D:1 |       0 |      33 |   0.0 |       0 |      17 |   0.0 |   420
           D:2 |       0 |      70 |   0.0 |       0 |      21 |   0.0 |   845
           D:3 |       0 |     163 |   0.0 |       0 |      24 |   0.0 |   963
           D:4 |       0 |     474 |   0.0 |       0 |      22 |   0.0 |   973
           D:5 |       0 |    1388 |   0.0 |       0 |      78 |   0.0 |  2207
           D:6 |       0 |     447 |   0.0 |       0 |      13 |   0.0 |   161
               +---------+---------+-------+---------+---------+-------+---------
